AoeStats
← Peru_o_O

African Clearing

510456302Analyzed
3v3 RM · 24h ago on Oct 1, 2026· 51m 56s· 6 players
Game mode
Random Map
Map size
Normal (6 player)
Population
200
Speed
Normal
Resources
Standard
Victory
Conquest
Starting age
Dark Age
Ending age
Imperial Age
RankedLock teamsTeams togetherTeam positionsShared explorationLock speedFull tech treeHidden civsTurbo modeCheats
Victory
Defeat
🇧🇷 Tatars · Brazil
1233
+14
🇵🇪 Lithuanians · Peru
1216
+15
🇵🇪 Persians · Peru
1205
+16
🇬🇵 Teutons · Guadeloupe
1233
-16
🇺🇸 Bohemians · United States
1185
-15
🇺🇸 Varangians · United States
1176
-14
dillon1556
3:39 Loom
14:35 Feudal Age
21:15 Castle Age
20:12 Scale Barding Armor
23:40 Husbandry
25:42 Pikeman
26:50 Squires
46:15 Imperial Age
wimpyspud
8:32 Loom
11:42 Feudal Age
12:45 Double-Bit Axe
14:32 Bloodlines
18:13 Fletching
19:38 Forging
20:53 Town Watch
21:59 Scale Barding Armor
23:38 Wheelbarrow
26:39 Castle Age
24:48 Stone Mining
28:30 Bodkin Arrow
37:22 Horse Collar
37:46 Husbandry
45:06 Imperial Age
47:34 Conscription
48:48 Chain Barding Armor
50:12 Iron Casting
vallet.gaetan
3:08 Loom
12:33 Feudal Age
13:51 Double-Bit Axe
20:07 Forging
23:01 Castle Age
24:51 Wheelbarrow
25:53 Bow Saw
27:28 Pikeman
28:08 Squires
28:23 Town Watch
28:50 Horse Collar
31:45 Fletching
32:32 Scale Mail Armor
34:33 Hand Cart
34:47 Chain Mail Armor
35:19 Hand Cart
37:51 Heavy Plow
38:08 Town Patrol
41:41 Imperial Age
39:26 Scale Barding Armor
41:06 Iron Casting
41:27 Bloodlines
41:49 Chain Barding Armor
41:38 Bodkin Arrow
42:28 Chain Barding Armor
41:46 Cavalier
43:28 Blast Furnace
45:13 Plate Barding Armor
rafoBR
13:55 Feudal Age
14:06 Loom
18:22 Wheelbarrow
17:44 Fletching
34:02 Castle Age
33:39 Horse Collar
33:51 Double-Bit Axe
37:44 Bow Saw
37:41 Bodkin Arrow
39:43 Padded Archer Armor
41:38 Husbandry
43:43 Ballistics
44:20 Leather Archer Armor
44:20 Bloodlines
45:37 Light Cavalry
49:05 Imperial Age
49:15 Heavy Cavalry Archer
50:48 Hand Cart
50:48 Bracer
51:19 Ring Archer Armor
51:09 Masonry
52:05 Chemistry
51:23 Masonry
52:07 Town Watch
Peru_Rush
3:41 Loom
12:53 Feudal Age
17:05 Castle Age
15:12 Stone Mining
15:08 Double-Bit Axe
16:19 Gold Mining
20:02 Wheelbarrow
26:13 Forging
28:03 Iron Casting
29:19 Scale Barding Armor
30:37 Chain Barding Armor
30:47 Hand Cart
31:32 Bow Saw
31:03 Horse Collar
33:37 Husbandry
33:48 Bloodlines
38:04 Imperial Age
38:53 Elite Leitis
40:55 Plate Barding Armor
51:28 Conscription
Peru_o_O
4:58 Loom
12:39 Feudal Age
13:17 Double-Bit Axe
17:13 Scale Barding Armor
18:31 Wheelbarrow
18:14 Forging
24:22 Castle Age
22:37 Horse Collar
23:30 Bloodlines
25:19 Chain Barding Armor
26:22 Hand Cart
36:56 Light Cavalry
37:37 Husbandry
40:18 Imperial Age
37:40 Fletching
38:12 Bow Saw
38:23 Bodkin Arrow
39:14 Gold Mining
39:14 Stone Mining
39:53 Padded Archer Armor
40:20 Ballistics
39:56 Crossbowman
40:41 Thumb Ring
41:31 Plate Barding Armor
43:49 Chemistry
44:07 Leather Archer Armor
44:50 Iron Casting
45:03 Heavy Plow
46:24 Crop Rotation
47:49 Gold Shaft Mining
49:38 Hussar
Connection lost

Rejoining the realm…

Still unreachable

The connection could not be restored.

Session expired

The server has moved on; the page needs a fresh start.